 Dungeon Crawl Stone Soup version 0.30-a0-778-g2ef04afb54 (webtiles) character file.

Game seed: 17774453688678468917

6 AndrolTheGreedy the Grave Robber (level 1, -2/14 HPs)
             Began as a Hill Orc Necromancer on Feb 15, 2023.
             Slain by a gnoll
             ... wielding a +0 spear
              (3 damage)
             ... on level 1 of the Dungeon.
             The game lasted 00:04:12 (1038 turns).

AndrolTheGreedy the Grave Robber (HONe)             Turns: 1038, Time: 00:04:13

Health: -2/14      AC:  2    Str:  8 (10) XL:     1   Next: 90%
Magic:  1/3        EV: 11    Int: 13 (15) God:
Gold:   46         SH:  0    Dex: 10 (11) Spells: 3/4 levels left

rFire   . . .      SeeInvis .    h - +1 dagger
rCold   . . .      Faith    .    (no shield)
rNeg    . . .      Spirit   .    a - +0 robe
rPois   .          Reflect  .    (no helmet)
rElec   .          Harm     .    (no cloak)
rCorr   .          Rampage  .    (no gloves)
Will    .....                    (no boots)
Stlth   ++                       (no amulet)
HPRegen 0.22/turn                (no ring)
MPRegen 0.08/turn                (no ring)

@: mighty, weak-willed
A: low MP 1, no potion heal 1
a: no special abilities


You were on level 1 of the Dungeon.
You visited 1 branch of the dungeon, and saw 1 of its levels.

You collected 46 gold pieces.

Inventory:

Hand Weapons
 e - a +0 mace
 h - a +1 dagger (weapon)
Armour
 a - a +0 robe (worn)
Potions
 b - a potion of magic
 c - a potion of degeneration


   Skills:
 - Level 1.5 Dodging
 - Level 1.5 Stealth
 - Level 2.0 Spellcasting
 + Level 4.0 Necromancy


You had 3 spell levels left.
You knew the following spells:

 Your Spells              Type           Power      Damage    Failure   Level
a - Necrotise             Necr           44%        1d6       4%          1

Your spell library contained the following spells:

 Spells                   Type           Power      Damage    Failure   Level
 Vampiric Draining        Necr           11%        2d6       14%         3
 Animate Dead             Necr           11%        N/A       43%         4
 Agony                    Necr           11%        N/A       80%         5


Dungeon Overview and Level Annotations

Branches:
Dungeon (1/15)

Altars:


Innate Abilities, Weirdness & Mutations

Your magical capacity is low. (-10% MP)
Potions are less effective at restoring your health.


Message History

The bat closely misses you.
You start waiting.
Done waiting.
Aiming: Necrotise (safe; 4% risk of failure)
Press: ? - help, Q - select action Shift-Dir - straight line, f - gnoll
Aim: a gnoll, wielding a +0 spear (chance to affect: 76%)
The gnoll writhes in agony.
Unknown command.
Aiming: Necrotise (safe; 4% risk of failure)
Press: ? - help, Q - select action Shift-Dir - straight line, f/p - gnoll
Aim: a gnoll, wielding a +0 spear (lightly wounded, chance to affect: 76%)
The gnoll writhes in agony.
Aiming: Necrotise (safe; 4% risk of failure)
Press: ? - help, Q - select action Shift-Dir - straight line, f/p - gnoll
Aim: a gnoll, wielding a +0 spear (lightly wounded, chance to affect: 76%)
The gnoll barely resists.
It was a potion of degeneration.
There was something very wrong with that liquid.
You feel weakened.
You feel dopey.
You feel clumsy. The gnoll barely misses you.
As you read the scroll labelled WIJAVO ANAWKIT, it crumbles to dust.
It is a scroll of enchant weapon.
Your +0 dagger glows red for a moment.
The gnoll closely misses you.
As you read the scroll labelled CAB RAWNUIMAVADI, it crumbles to dust.
Magic quickly surges around you.
It was a scroll of vulnerability.
The gnoll hits you from afar with a +0 spear.
The gnoll hits you from afar with a +0 spear!
Ouch! That really hurt!
You aren't carrying any scrolls.
Okay, then.
The gnoll hits you with a +0 spear.
It was a potion of mutation.
You feel extremely strange.
Your system partially rejects the healing effects of potions.
You feel less energetic. The gnoll hits you with a +0 spear.
* * * LOW HITPOINT WARNING * * *
It was a potion of might.
You feel very mighty all of a sudden. The gnoll hits you with a +0 spear.
You die...

#.#.#.........# #.#..##.#
#.#.##........# #.#..##.#
..#+##........# #.#..##.#
.....#........####.#..##.#
.........##+####......##.#
.........##.####.#.#..##.#
....#....##...........##.#
###.#..............#..##.#
#####.....######@###..##.#
#...............g.....##.#
..........######.###.###.#
..###.#.########.###.###.#
.......................#.#
..###..########..###.#.#.#
.........................#
....#.....#####..###.#.###
........>..........#.#.#


You could see a gnoll (weak-willed).

Vanquished Creatures
  2 endoplasms (D:1)
  A goblin (D:1)
  A quokka (D:1)
  A frilled lizard (D:1)
5 creatures vanquished.

Notes
Turn   | Place    | Note
-------+----------+-------------------------------------------
     0 | D:1      | AndrolTheGreedy the Hill Orc Necromancer began the quest
                  | for the Orb.
     0 | D:1      | Reached XP level 1. HP: 14/14 MP: 3/3
   401 | D:1      | Found a faded altar of an unknown god.
  1037 | D:1      | Gained mutation: Potions are less effective at restoring
                  | your health. [potion of mutation]
  1037 | D:1      | Gained mutation: Your magical capacity is low. (-10% MP)
                  | [potion of mutation]
  1038 | D:1      | Slain by a gnoll

Illustrated notes

Levels and vault maps discovered:
D:1:      erik_arrival_blinker_ship, layout_basic,
          nicolae_ecumenical_lake_church

Skill      XL: |  1 |
---------------+----+-----
Spellcasting   | 2 |  2.0
Dodging        | |  1.5
Stealth        | |  1.5
Necromancy     | |  4.0

Action                     || total
---------------------------++-------
  Melee: Dagger            ||     2
   Cast: Necrotise         ||    10
    Use: Potion            ||     3
         Scroll            ||     2
 Armour: Robe              ||     3
  Dodge: Dodged            ||     4

Table legend: (Time is in decaauts)
 A = Elapsed time spent in this place.
 B = Non-inter-level travel time spent in this place.
 C = Inter-level travel time spent in this place.
 D = Time resting spent in this place.
 E = Time spent auto-exploring this place.
 F = Levels seen in this place.
 G = Mean time per level.
                   A        B        C        D        E       F      G
               +--------+--------+--------+--------+--------+-----+--------+
         Total |   1039 |   1021 |     18 |    219 |    435 |   1 | 1039.0 |
       Dungeon |   1039 |   1021 |     18 |    219 |    435 |   1 | 1039.0 |
               +--------+--------+--------+--------+--------+-----+--------+

Top non-repeatable levels by time:
     D:1: 1039 daAuts
